 Dungeon Crawl Stone Soup version 0.22.1-1-ga44c0e56f4 (webtiles) character file.

1849 Bapho the Ruffian (level 8, -7/120 HPs)
             Began as a Troll Monk on Oct 3, 2018.
             Was a Believer of Ru.
             Mangled by a hippogriff (9 damage)
             ... on level 7 of the Dungeon.
             The game lasted 00:12:05 (5506 turns).

Bapho the Ruffian (Troll Monk)                      Turns: 5506, Time: 00:12:06

Health: -7/120     AC:  5    Str: 27    XL:     8   Next: 88%
Magic:  10/10      EV: 10    Int:  6    God:    Ru [**....]
Gold:   226        SH:  0    Dex: 12    Spells: 7/7 levels left

rFire    + . .     SeeInvis .     - Unarmed
rCold    x . .     Gourm    +   (no shield)
rNeg     . . .     Faith    .   a - +0 robe
rPois    .         Spirit   .   (helmet restricted)
rElec    .         Reflect  .   (no cloak)
rCorr    .         Harm     .   (gloves unavailable)
MR       .....                  (boots unavailable)
Stlth    ..........             k - amulet of rage
HPRegen  0.70/turn              q - ring of fire
MPRegen  0.12/turn              (no ring)

@: berserking, very quick
A: large, unfitting armour, claws 3, fast metabolism 3, gourmand, regeneration
1, shaggy fur 1, tough skin 2, unskilled 1
a: Renounce Religion, Evoke Berserk Rage


You were on level 7 of the Dungeon.
You worshipped Ru.
Ru was pleased with you.
You were very full.

You visited 2 branches of the dungeon, and saw 8 of its levels.

You collected 226 gold pieces.

Inventory:

Missiles
 f - 154 stones (quivered)
Armour
 a - a +0 robe (worn)
Jewellery
 d - an uncursed amulet of the gourmand
 k - an amulet of rage (around neck)
 q - a ring of fire (left claw)
 v - an uncursed ring of wizardry {unknown}
 B - a +1 ring of protection {unknown}
Wands
 x - a wand of paralysis (3)
 y - a wand of polymorph (20)
Scrolls
 c - 3 scrolls of teleportation {unknown}
 e - a scroll of enchant armour {unknown}
 h - 2 scrolls of remove curse {unknown}
 i - 2 scrolls of fog {unknown}
 j - 6 scrolls of identify {unknown}
 n - 2 scrolls of random uselessness {unknown}
 s - 3 scrolls of fear {unknown}
 t - a scroll of immolation {unknown}
 z - a scroll of amnesia {unknown}
 A - a scroll of noise {unknown}
Potions
 g - 3 potions of degeneration {unknown}
 l - a potion of haste {unknown}
 m - 2 potions of curing {unknown}
 o - 2 potions of flight {unknown}
 p - 2 potions of brilliance {unknown}
 r - a potion of might {unknown}
 u - 3 potions of heal wounds {unknown}
 w - a potion of lignification {unknown}
 D - 2 potions of mutation {unknown}
 E - a potion of resistance {unknown}
Comestibles
 b - 16 rations


   Skills:
 - Level 5.1 Fighting
 - Level 2.1 Dodging
 - Level 0.9 Stealth
 - Level 6.5 Unarmed Combat
 + Level 4.9 Evocations


You had 7 spell levels left.
You didn't know any spells.
Your spell library was empty.

Dungeon Overview and Level Annotations

Branches:
Dungeon (7/15)             Temple (1/1) D:5

Altars:
Ashenzari
Cheibriados
Dithmenos
Elyvilon
Fedhas
Gozag
Hepliaklqana
Kikubaaqudgha
Makhleb
Nemelex Xobeh
Okawaru
Qazlal
Ru
Sif Muna
Trog
Uskayaw
Vehumet
Wu Jian
Yredelemnul
Zin
The Shining One


Innate Abilities, Weirdness & Mutations

You are too large for most types of armour.
You have claws for hands.
Your metabolism is lightning-fast.
You like to eat raw meat.
Your natural rate of healing is unusually fast.
You are covered in fur. (AC +1)
You have very tough skin. (AC +2)
You are somewhat unskilled. (-1 Apt)


Message History

You claw the hippogriff!
You kill the hippogriff!
The hippogriff barely misses you. x2
The hippogriff claws you but does no damage.
You claw the hippogriff!
The hippogriff is moderately wounded.
The hippogriff bites you!
* * * LOW HITPOINT WARNING * * *
The hippogriff pecks you!
* * * LOW HITPOINT WARNING * * *
The hippogriff claws you.
* * * LOW HITPOINT WARNING * * *
You scratch the hippogriff.
The hippogriff is heavily wounded.
You closely miss the hippogriff.
The hippogriff is heavily wounded.
The hippogriff bites you!
* * * LOW HITPOINT WARNING * * *
The hippogriff barely misses you. The hippogriff claws you!
You die... ....... #....... #..?.... #.....#. ##....... #.....PP .. #H†..PPPP

. #@##.PP_PP#
######.##(PcP.P##
.........((PPP.P...
####.#####.........
...........#.....
#.#.#.....<...### #
#.....#...#
#.#..........+
#.#...#.##.###


You could see a hippogriff.

Vanquished Creatures
  A hippogriff (D:7)
  The ghost of Kaderl the Shield-Bearer, an amateur MfFi (D:3)
  An ice beast (D:5)
  2 phantoms (D:4)
  2 centaurs (D:6)
  A bullfrog (D:6)
  A gnoll sergeant (D:6)
  3 scorpions (D:4)
  A howler monkey (D:2)
  2 orc priests
  A hound (D:6)
  A jelly (D:5)
  A centaur skeleton (D:5)
  2 bullfrog skeletons
  An orc wizard (D:6)
  Jessica (D:2)
  2 iguanas
  7 worker ants
  A hound skeleton (D:6)
  10 gnolls
  A howler monkey skeleton (D:5)
  12 adders
  An ooze (D:2)
  An adder zombie (D:6)
  A dart slug (D:2)
  5 leopard geckos
  6 orcs
  4 giant cockroaches
  9 goblins
  8 hobgoblins
  9 jackals
  3 quokkas
  3 bats
  5 frilled lizards
  9 kobolds
  A leopard gecko skeleton (D:5)
  8 rats
128 creatures vanquished.

Notes
Turn   | Place    | Note
-------+----------+-------------------------------------------
     0 | D:1      | Bapho the Troll Monk began the quest for the Orb.
     0 | D:1      | Reached XP level 1. HP: 22/22 MP: 0/0
   153 | D:1      | Reached XP level 2. HP: 29/29 MP: 1/1
   517 | D:2      | Reached XP level 3. HP: 36/36 MP: 2/2
   578 | D:2      | Noticed Jessica
   589 | D:2      | Killed Jessica
   589 | D:2      | Reached skill level 4 in Unarmed Combat
   814 | D:2      | Reached XP level 4. HP: 45/45 MP: 3/3
  1349 | D:2      | Reached skill level 5 in Unarmed Combat
  1349 | D:2      | Reached XP level 5. HP: 52/53 MP: 4/4
  2012 | D:3      | Found a large runed door.
  2012 | D:3      | Found a large runed door.
  2012 | D:3      | Noticed Kaderl's ghost (amateur MfFi)
  2062 | D:3      | Killed Kaderl's ghost
  2062 | D:3      | Reached skill level 6 in Unarmed Combat
  2062 | D:3      | Reached XP level 6. HP: 62/62 MP: 5/5
  2769 | D:4      | Reached XP level 7. HP: 34/71 MP: 6/6
  3125 | D:4      | Reached skill level 5 in Fighting
  3158 | D:4      | Reached skill level 7 in Unarmed Combat
  3337 | D:5      | Entered Level 5 of the Dungeon
  3660 | D:5      | Reached skill level 1 in Evocations
  3660 | D:5      | Reached XP level 8. HP: 18/83 MP: 6/8
  4030 | D:5      | Found a basalt altar of Yredelemnul.
  4030 | D:5      | Found a hide-covered altar of Uskayaw.
  4036 | D:5      | Found a faded altar of an unknown god.
  4038 | D:5      | Found a burning altar of Makhleb.
  4040 | D:5      | Found a faded altar of an unknown god.
  4137 | D:5      | Found a staircase to the Ecumenical Temple.
  4170 | Temple   | Entered the Ecumenical Temple
  4241 | Temple   | Became a worshipper of Ru the Awakened
  4250 | Temple   | Gained mutation: You are somewhat unskilled. (-1 Apt) [Ru
                  | sacrifice]
  4250 | Temple   | Reduced skill Unarmed Combat to level 6
  4250 | Temple   | Reached * piety under Ru
  4250 | Temple   | Reached ** piety under Ru
  5448 | D:7      | Found a blossoming altar of Fedhas.
  5451 | D:7      | Noticed a hippogriff
  5492 | D:7      | Noticed a hippogriff
  5503 | D:7      | Killed a hippogriff
  5506 | D:7      | HP: 2/120 [hippogriff (11)]
  5506 | D:7      | Mangled by a hippogriff

Skill      XL: |  1  2  3  4  5  6  7  8 |
---------------+-------------------------+-----
Fighting       | 3 4 5 |  5.1
Unarmed Combat | 4 5 6 7 6 |  6.5
Evocations     | 1 4 |  4.9
Stealth        | 0 |  0.9
Dodging        | |  2.1

Action                   |  1- 3 |  4- 6 |  7- 9 || total
-------------------------+-------+-------+-------++-------
Melee: Unarmed           |    59 |   124 |   169 ||   352
       Punch             |       |     2 |     5 ||     7
Throw: Stone             |    27 |   137 |   110 ||   274
Invok: Sacrifice Skill   |       |       |     1 ||     1
 Abil: Evoke Berserk Rag |       |     1 |     3 ||     4
 Stab: Distracted        |       |     1 |       ||     1
       Sleeping          |       |     1 |       ||     1
  Eat: Chunk             |    13 |    19 |    27 ||    59
Armor: Robe              |    14 |    30 |    21 ||    65
Dodge: Dodged            |    22 |    51 |    72 ||   145
